[Event "Israel National League 2024"]
[Site "Israel"]
[Date "2024.01.12"]
[Round "2.27"]
[White "Manor, Ilan"]
[Black "Gorodetzky, Matan"]
[Result "0-1"]
[ECO "D30"]
[WhiteElo "2469"]
[BlackElo "2325"]
[Annotator "TA"]
[PlyCount "86"]
[EventDate "2024.01.07"]
[EventType "team-tourn"]
[EventCountry "ISR"]
[SourceTitle "playchess.com"]
[Source "ChessBase"]
[SourceQuality "1"]
[TimeControl "40/5400+30:1800+30"]

1. d4 d5 2. c4 e6 3. Nf3 Nf6 4. g3 c5 5. cxd5 exd5 6. Bg2 Nc6 7. O-O Be7 8. dxc5 Bxc5 9. a3 Ne4 {[%emt 0:00:22] D30: Queen's Gambit Declined: Systems without Nc3.} 10. b4 Be7 11. Nfd2 Bf6 {[%emt 0:04:58] The position is equal.} 12. Ra2 Bf5 {[%emt 0:06:55] [#]} 13. b5 $146 {[%emt 0:04:36] [#] Nxe4 would be deadly.} ({Predecessor:} 13. Bb2 O-O 14. e3 Bxb2 15. Rxb2 Qf6 16. Rb3 Rfd8 17. Qc1 Rac8 18. Qb2 Ne5 19. Qd4 {0-1 Paravyan,D (2612)-Mamedov,R (2636) Titled Tuesday intern op 04th Jul Late blitz 2023 (8)}) 13... Ne7 14. Nxe4 Bxe4 15. Bxe4 dxe4 16. Qxd8+ Rxd8 17. Nd2 Rd4 18. a4 O-O 19. Nb3 Rc4 20. Na5 Rc7 21. Bf4 Rd7 22. Rc1 Nd5 23. Rc4 Re8 ({Black should try} 23... Bc3 $11 24. Bd2 Bxa5 25. Bxa5 f5) 24. Rac2 g5 25. Rc8 Rxc8 26. Rxc8+ Kg7 27. Be3 Nxe3 28. fxe3 $11 {[%emt 0:00:03][%mdl 4096] Endgame KRB-KRN} Be5 29. Re8 Bc7 30. Nc4 f5 31. a5 {[%emt 0:00:00] aiming for Ra8.} Bd8 32. Re6 Rd5 33. b6 axb6 34. axb6 (34. Nxb6 $15 Kf7 35. Rh6 Rd1+ 36. Kg2) 34... Kf7 $19 35. Rh6 {[%emt 0:00:00] [#]} Bf6 $1 36. Rxh7+ (36. h4 {was the crucial defense.} Kg7 37. hxg5 Bxg5 38. Rd6 Rxd6 39. Nxd6) 36... Bg7 {[%emt 0:00:05] Black is clearly winning.} 37. Rh3 g4 38. Rh4 Kg6 39. h3 Bf6 40. hxg4 Bxh4 41. gxf5+ Kxf5 (41... Kg5 $142 42. gxh4+ Kxh4) 42. gxh4 Kg4 {[%emt 0:00:00][%cal Og4g3] ( -> ...Kg3!)} 43. Kf2 Kxh4 {[%emt 0:00:00] Weighted Error Value: White=0.55/Black=0.23 (precise)} 0-1

[Event "Israel National League 2024"]
[Site "Israel"]
[Date "2024.01.12"]
[Round "2.28"]
[White "Gladyszev, Oleg"]
[Black "Zifroni, Dov"]
[Result "1/2-1/2"]
[ECO "D43"]
[WhiteElo "2410"]
[BlackElo "2462"]
[Annotator "RC"]
[PlyCount "59"]
[EventDate "2024.01.07"]
[EventType "team-tourn"]
[EventCountry "ISR"]
[SourceTitle "playchess.com"]
[Source "ChessBase"]
[SourceQuality "1"]
[TimeControl "40/5400+30:1800+30"]

1. d4 d5 2. c4 c6 3. Nf3 Nf6 4. Nc3 e6 5. Bg5 h6 6. Bxf6 Qxf6 7. e3 Nd7 8. Bd3 dxc4 9. Bxc4 g6 10. O-O Bg7 11. e4 e5 12. d5 O-O 13. dxc6 bxc6 14. Na4 Nb6 15. Be2 Qe7 16. Qc2 Nxa4 17. Qxa4 Rb8 18. Qc2 Qb4 19. b3 a5 20. Bc4 Kh7 21. Ne1 f5 22. Nd3 Qb6 23. Nc5 fxe4 24. Rae1 Bf5 25. Be6 Rfd8 26. g4 Bxe6 27. Nxe6 Rd6 28. Nxg7 Kxg7 29. Qxe4 Rd5 30. Rc1 1/2-1/2

[Event "Israel National League 2024"]
[Site "Israel"]
[Date "2024.01.12"]
[Round "2.29"]
[White "Soffer, Ram"]
[Black "Stolyarsky, Yegor"]
[Result "1-0"]
[ECO "E01"]
[WhiteElo "2431"]
[BlackElo "2111"]
[Annotator "RC"]
[PlyCount "91"]
[EventDate "2024.01.07"]
[EventType "team-tourn"]
[EventCountry "ISR"]
[SourceTitle "playchess.com"]
[Source "ChessBase"]
[SourceQuality "1"]
[TimeControl "40/5400+30:1800+30"]

1. c4 e6 2. g3 d5 3. Bg2 Nf6 4. Nf3 Bd6 5. d4 O-O 6. O-O c6 7. Nbd2 Nbd7 8. Qc2 Re8 9. e4 Nxe4 10. Nxe4 dxe4 11. Qxe4 e5 12. Bg5 f6 13. Bd2 exd4 14. Qxd4 Ne5 15. Bc3 Qc7 16. c5 Nxf3+ 17. Bxf3 Be5 18. Qb4 Bxc3 19. Qxc3 Be6 20. Rfe1 Qf7 21. a3 Bd5 22. b4 Bxf3 23. Qxf3 Rad8 24. h4 h6 25. Rad1 Rxe1+ 26. Rxe1 Rd5 27. Qf4 Rd8 28. Kg2 a6 29. Qf3 Rd7 30. Re3 g5 31. Qe2 Kg7 32. Re6 Rc7 33. Qe4 Rd7 34. Re8 Qd5 35. Qxd5 cxd5 36. Kf3 Kf7 37. Rh8 Kg7 38. Rb8 Kg6 39. hxg5 hxg5 40. Ke3 Kf5 41. Kd4 Ke6 42. Re8+ Kf5 43. a4 Kg4 44. Rf8 f5 45. b5 Re7 46. c6 1-0

[Event "Israel National League 2024"]
[Site "Israel"]
[Date "2024.01.12"]
[Round "2.30"]
[White "Katkov, Michelle"]
[Black "Krayz, Alexander"]
[Result "1-0"]
[ECO "C06"]
[WhiteElo "2106"]
[BlackElo "2327"]
[Annotator "RC"]
[PlyCount "125"]
[EventDate "2024.01.07"]
[EventType "team-tourn"]
[EventCountry "ISR"]
[SourceTitle "playchess.com"]
[Source "ChessBase"]
[SourceQuality "1"]
[TimeControl "40/5400+30:1800+30"]

1. e4 e6 2. d4 d5 3. Nd2 Nf6 4. e5 Nfd7 5. Bd3 c5 6. c3 Nc6 7. Ne2 cxd4 8. cxd4 f6 9. exf6 Nxf6 10. Nf3 Qc7 11. O-O Bd6 12. Bd2 O-O 13. Rc1 Bd7 14. Ng3 Rae8 15. Re1 Qb8 16. Bc3 Bf4 17. Rc2 Ng4 18. Rce2 g6 19. a4 a6 20. Qb1 Re7 21. a5 Ref7 22. b4 Qc7 23. Qb3 Bd6 24. Qb2 Rxf3 25. gxf3 Rxf3 26. Qc2 Nxb4 27. Bxb4 Qxc2 28. Bxc2 Bxb4 29. Rb1 Bxa5 30. Rxb7 Rf7 31. Bd3 Bc3 32. Kg2 Bxd4 33. Bxa6 e5 34. Bb5 Be6 35. Rxf7 Kxf7 36. Rc2 Kf6 37. Bc6 h5 38. h4 Nh6 39. Bb7 Nf7 40. Bc8 Nd8 41. Ne2 Bb6 42. Bxe6 Kxe6 43. Ra2 Bc5 44. Ra8 Be7 45. Ra6+ Bd6 46. Nc3 Nf7 47. Nb5 e4 48. f3 exf3+ 49. Kxf3 Ke5 50. Ra7 Nh6 51. Nxd6 Kxd6 52. Ra6+ Ke5 53. Rxg6 Nf7 54. Rg8 Ke6 55. Kf4 Kf6 56. Ra8 Ke6 57. Ra7 d4 58. Ra4 d3 59. Ra3 Ne5 60. Ra6+ Kd5 61. Ra5+ Kd4 62. Rxe5 d2 63. Re8 1-0

[Event "Israel National League 2024"]
[Site "Israel"]
[Date "2024.01.12"]
[Round "2.31"]
[White "Eljanov, Pavel"]
[Black "Boruchovsky, Avital"]
[Result "1-0"]
[ECO "E61"]
[WhiteElo "2704"]
[BlackElo "2528"]
[Annotator "TA"]
[PlyCount "79"]
[EventDate "2024.01.07"]
[EventType "team-tourn"]
[EventCountry "ISR"]
[SourceTitle "playchess.com"]
[Source "ChessBase"]
[SourceQuality "1"]
[TimeControl "40/5400+30:1800+30"]

1. d4 Nf6 2. c4 g6 3. Nf3 Bg7 4. e3 O-O 5. Be2 c5 6. d5 d6 7. Nc3 e6 8. O-O exd5 9. cxd5 Bg4 10. h3 {[%emt 0:00:32] E61: King's Indian: Early deviations for White, including Smyslov System.} Bxf3 11. Bxf3 a6 12. a4 {[%emt 0:00:23] The position is equal.} Nbd7 13. Qc2 Re8 14. Bd2 c4 15. Be2 Rc8 16. Rfd1 Qe7 17. a5 Rc5 {[%emt 0:10:25] [#]} 18. Ra4 $146 ({Predecessor:} 18. Be1 Qd8 19. Qa4 Ne4 20. Qb4 Nxc3 21. Bxc3 Bxc3 22. bxc3 Qc7 23. Rd4 Rc8 24. e4 {0-1 Hoffmeyer,F (2337)-Maiwald,J (2443) Bundesliga 1819 2018 (11.8)}) 18... Qd8 19. Rda1 (19. Rxc4 Rxc4 20. Bxc4 Qxa5 $11) (19. Bxc4 Rxa5 20. Rxa5 Qxa5 $11) 19... Qc8 (19... Nxd5 $14 20. Nxd5 (20. Bxc4 Nxc3 21. Bxc3 Bxc3 $17) (20. Rxc4 Ne7 $14) 20... Rxd5) 20. e4 $16 Rc7 21. Be3 h5 22. Rb4 Kh7 23. Bd4 {[%emt 0:09:13] White is more active.} Nc5 (23... Bh6 $16) 24. Rxc4 $18 ({Stronger than} 24. Bxc4 Nfxe4 25. Bxg7 Kxg7 $11) 24... Nfd7 $2 (24... Ncd7 $16) 25. Bxg7 Kxg7 26. Qd1 ({Not} 26. b4 Ne5 $14) (26. Na4 $18) 26... Nf6 27. Bf3 (27. f3 $142) 27... Ncd7 $16 28. Rb4 Rc4 29. Qb3 Rxb4 30. Qxb4 Qc5 (30... Nc5 $16 {is a better defense.}) 31. Qxb7 $18 Rb8 32. Qxa6 Rxb2 33. Nd1 Rd2 (33... Rb3 $142 34. Qe2 Ra3 35. Rxa3 Qxa3) 34. Qc6 Qd4 {[%emt 0:02:06] [#]} 35. Qa4 Qe5 36. a6 Nxe4 37. Bxe4 {[%emt 0:01:47] White is clearly winning.} Nb6 38. Qb4 Nc4 {[%emt 0:01:25] [#]} (38... Qxa1 $142 39. Qxd2 Qxa6 40. Qc3+ Kg8) 39. Qxc4 $1 {[%emt 0:00:10] Strongly threatening a7.} Qxa1 (39... Rd4 40. Qc1) 40. Qc3+ {[%emt 0:00:07] Weighted Error Value: White=0.14 (very precise) /Black=0.42} 1-0

[Event "Israel National League 2024"]
[Site "Israel"]
[Date "2024.01.12"]
[Round "2.32"]
[White "Gorshtein, Ido"]
[Black "Sutovsky, Emil"]
[Result "1-0"]
[ECO "A35"]
[WhiteElo "2523"]
[BlackElo "2597"]
[Annotator "TA"]
[PlyCount "75"]
[EventDate "2024.01.07"]
[EventType "team-tourn"]
[EventCountry "ISR"]
[SourceTitle "playchess.com"]
[Source "ChessBase"]
[SourceQuality "1"]
[TimeControl "40/5400+30:1800+30"]

1. Nf3 c5 2. c4 Nf6 3. Nc3 Nc6 4. e3 g6 5. d4 cxd4 6. exd4 d5 7. cxd5 Nxd5 8. Qb3 Nxc3 9. Bc4 e6 10. bxc3 Bg7 11. Ba3 Bf8 12. Bxf8 Kxf8 13. h4 {[%emt 0:01:46] A35: Symmetrical English: 2 Nc3 Nc6 3 Nf3.} h6 14. O-O Kg7 (14... b6 $11) 15. Qb2 {[%emt 0:00:06] [#]} (15. Bd3 $14) 15... Bd7 $146 (15... b6 $1 $11 {keeps the balance.}) ({Predecessor:} 15... b6 16. Bd3 Bb7 17. Rae1 Qf6 18. Re3 Rhd8 19. Rfe1 Rac8 20. h5 g5 21. Bb1 Rc7 22. Qc2 Kf8 23. Qc1 Nxd4 24. Nxd4 Rxd4 25. Qa3+ {1-0 Svane,R (2620)-Galchenko,M (2442) Titled Tuesday intern op 14th Mar Late blitz 2023 (6)}) 16. Be2 (16. Qxb7 Na5 17. Qa6 Bc8 $11) 16... b6 {[%emt 0:07:22] [#]} 17. h5 $1 gxh5 18. Rfd1 Qf6 19. Rd3 {[%emt 0:08:37][%cal Of3e5][%mdl 1024] White has compensation.} h4 20. Rad1 Ne7 {[%emt 0:00:50] [#]} (20... Rad8 $14) 21. Ne5 $1 $16 Bc6 {[%emt 0:02:04] Prevents Rf3.} 22. c4 Kh7 23. Re3 {[%emt 0:22:35][%cal Od4d5] Against Be4} Bb7 {[%emt 0:00:01] [#]} 24. d5 $1 {[%emt 0:03:05] Qb1+ would be deadly.} Rhg8 25. Bd3+ Nf5 26. Bxf5+ (26. Qe2 {is more complex.} Qg7 27. Qf3 Kh8 28. Bxf5 exf5 29. Rde1) 26... exf5 (26... Qxf5 $2 27. Rf3 Qg5 28. Rxf7+ Rg7 29. f4 $18 (29. dxe6 $2 Qxg2#)) 27. f4 Rg7 {[%emt 0:04:31] [#] A mistake that costs the game.} (27... Rac8 $14) 28. c5 $1 $18 {[%emt 0:01:27][%cal Bc4c5,Bc5c6][%mdl 32] Strongly threatening c6.} Rd8 (28... Rg3 $2 29. Rxg3 hxg3 30. c6 $18) 29. Qb3 (29. c6 Bxc6 30. Qb3 Bb7 $17) 29... Rdg8 $2 (29... Ba6) 30. Rd2 Qe7 (30... Rd8 $142 31. c6 Bc8) 31. c6 {[%emt 0:01:47] And now d6 would win. White is clearly winning.} ({Less strong is} 31. cxb6 Qc5 32. Qc3 (32. bxa7 Qc1+ 33. Qd1 Rxg2+ {[%mdl 64] Deflection, Promotion} 34. Rxg2 Qxd1+ 35. Kh2 Rxg2+ {[%mdl 64] Remove Defender} 36. Kxg2 Qd2+ 37. Kf1 Qxe3 38. a8=Q Bxa8 39. Nc4 Qxf4+ 40. Ke1 Qxc4 41. Kf2 h3 42. Kg3 Qf1 43. a4 Bxd5 44. Kh4 Qg2 45. Kh5 Qg5#) 32... axb6 33. Qxc5 bxc5 $11) 31... Qc5 {[%emt 0:00:01] White must now prevent ...Qc1+.} 32. Qc3 {[%emt 0:01:13] Dodges Qc1+} (32. cxb7 $2 {perishes.} Qc1+ 33. Qd1 (33. Rd1 {leads to mate.} Rxg2+ 34. Kf1 Rg1+ 35. Ke2 R8g2+ {[%mdl 64] Deflection} 36. Kd3 Rxd1+) 33... Rxg2+ 34. Rxg2 Qxd1+ $19) 32... Qb5 {[%emt 0:01:17] Threatens to win with ...Qb1+.} 33. Qd3 {[%emt 0:01:27] Repels Qb1+. Active counter play!} Qxd3 34. Rexd3 Ba8 35. Ra3 f6 36. Nd7 Kg6 37. Rxa7 h3 38. Ra3 {[%emt 0:00:26] Artfully played by Gorshtein.   Weighted Error Value: White=0.30/Black=0.46} 1-0

[Event "Israel National League 2024"]
[Site "Israel"]
[Date "2024.01.12"]
[Round "2.33"]
[White "Smirin, Ilia"]
[Black "Rozen, Eytan"]
[Result "1/2-1/2"]
[ECO "D79"]
[WhiteElo "2582"]
[BlackElo "2462"]
[Annotator "TA"]
[PlyCount "66"]
[EventDate "2024.01.07"]
[EventType "team-tourn"]
[EventCountry "ISR"]
[SourceTitle "playchess.com"]
[Source "ChessBase"]
[SourceQuality "1"]
[TimeControl "40/5400+30:1800+30"]

1. Nf3 Nf6 2. g3 g6 3. c4 Bg7 4. Bg2 c6 5. O-O d5 6. cxd5 cxd5 7. d4 O-O 8. Ne5 Nc6 9. Nc3 Ne4 10. Nxc6 bxc6 11. Nxe4 dxe4 12. Be3 {[%emt 0:00:09] D79: Fianchetto Grünfeld: Symmetrical Variation (6 0-0 c6 7 cxd5 cxd5).} Bf5 13. Qa4 Qb6 14. b3 Rfd8 15. Rac1 {[%emt 0:08:49][%cal Ba1c1,Bc1c4,Bc4a4][%mdl 32] [#]} Qb5 $146 ({Predecessor:} 15... Bxd4 16. Rxc6 Bd7 17. Rxb6 Bxa4 18. Rb4 Bxe3 19. Rxa4 Bb6 20. Bxe4 Rac8 21. Bd3 e6 {½-½ Meier,G (2630)-Tari,A (2596) PRO League KO Stage rapid 2017 (4.5)}) 16. Rc4 Rd6 17. Rfc1 Qxa4 18. Rxa4 Rad8 $1 19. h3 Bxd4 20. g4 $36 {[%emt 0:00:05][%mdl 2048] [#] Rxd4 would be deadly. White is more active.} Bxe3 21. fxe3 Be6 22. Bxe4 Rd2 (22... Rd1+ $14 23. Rxd1 Rxd1+ 24. Kf2 c5) 23. Bd3 $16 ({Weaker is} 23. Rxa7 Rxe2 24. Bxc6 Rxe3 $15) 23... Rd7 24. Kf1 ({Much worse is} 24. Rxc6 $6 R7xd3 25. exd3 Bd7 $14) 24... Rb2 25. Rxc6 Bd5 26. Rc5 (26. Rca6 $18) 26... Bg2+ $1 $14 {[%emt 0:03:19][%mdl 64] Double Attack} 27. Ke1 {[%emt 0:10:44] Black must now prevent h4.} Bxh3 28. g5 Bf5 {[%emt 0:02:58] [#]} 29. e4 $1 ({Don't play} 29. Bxf5 gxf5 30. Rxf5 Rdd2 $11) 29... Bg4 30. Rca5 Rc7 $1 31. Rc4 Rd7 32. Rca4 Rc7 33. Rc4 Rd7 {[%emt 0:00:15] Weighted Error Value: White=0.12 (very precise) /Black=0.07 (flawless)} 1/2-1/2

[Event "Israel National League 2024"]
[Site "Israel"]
[Date "2024.01.12"]
[Round "2.34"]
[White "Erenberg, Ariel"]
[Black "Globus, Or"]
[Result "1-0"]
[ECO "B94"]
[WhiteElo "2496"]
[BlackElo "2434"]
[Annotator "TA"]
[PlyCount "71"]
[EventDate "2024.01.07"]
[EventType "team-tourn"]
[EventCountry "ISR"]
[SourceTitle "playchess.com"]
[Source "ChessBase"]
[SourceQuality "1"]
[TimeControl "40/5400+30:1800+30"]

1. e4 c5 2. Nf3 d6 3. d4 cxd4 4. Nxd4 Nf6 5. Nc3 a6 6. Bg5 Nbd7 7. Qe2 {[%emt 0:00:43] 7.a3 is a critical line. B94: Sicilian Najdorf: 6 Bg5 Nbd7.} e6 8. O-O-O Be7 9. h4 {[%emt 0:40:45] White is slightly better.} Qc7 10. g4 b5 11. a3 Rb8 12. Bg2 b4 $1 13. axb4 {[%emt 0:00:07] [#]} Rb6 $146 (13... Rxb4 $11 {keeps the balance.} 14. Na2 Rb8) ({Predecessor:} 13... Rxb4 14. Nb3 a5 15. Rd4 O-O 16. Kb1 Nc5 17. Rxb4 axb4 18. Na2 Ba6 19. Qe3 Bc4 {0-1 Khamdamova,A (2172)-Nurmanova,A (2224) KAZ-World Rapid (Women) 2023 (7.8)}) 14. b5 $16 {White is more active.} Rxb5 $2 15. Rh3 $2 (15. Ndxb5 axb5 16. Nxb5 Qa5) ({White should try} 15. Ncxb5 $18 axb5 16. Nxb5) 15... Rb4 $14 16. Kb1 (16. Na2 {keeps more tension.} Ra4 17. Kb1 Bb7 18. Bc1) 16... Bb7 17. Nb3 (17. Bc1 $14) 17... Qb6 (17... a5 $11 {remains equal.}) 18. Na2 $36 {[%emt 0:01:57][%mdl 2048] Black is under pressure.} Nc5 $2 19. Bf4 $2 ({White has to play} 19. Nxb4 $18 Qxb4 20. Nxc5 Qxc5 21. Rc3) 19... Rb5 (19... Bxe4 $1 $17 20. Nxb4 Bxg2) 20. Be3 a5 $2 ({Better is} 20... O-O $11) 21. Bxc5 $16 dxc5 22. g5 $1 a4 23. gxf6 Bxf6 (23... axb3 $2 24. Nc3 (24. fxg7 $2 {too greedy.} bxa2+ {[%mdl 64] Discovered Attack} 25. Ka1 Rg8 $19) 24... bxc2+ 25. Qxc2 $18) 24. Bf1 Bc6 {[%emt 0:00:00] [#]} 25. e5 $1 axb3 (25... Be7 $16 {might work better.}) 26. Nc3 $18 bxc2+ 27. Qxc2 Rb4 (27... Bxe5 $2 28. Nxb5 O-O 29. Rb3 $18) (27... Rxb2+ $142 28. Qxb2 Qxb2+ 29. Kxb2 Bxe5) 28. exf6 gxf6 {[%emt 0:00:02] [#]} 29. Qd2 $1 {[%emt 0:00:00] Qd6 would be deadly.} Rd4 {[%emt 0:02:45] Prevents Qd6} 30. Rd3 e5 {[%emt 0:00:54] [#]} (30... Rg8 {was necessary.} 31. Be2 e5) 31. f4 $1 Bd7 32. Rxd4 cxd4 33. Ne4 {[%emt 0:00:00] fxe5 is the strong threat.} ({Not} 33. Nd5 Qd6 $18) 33... Be6 $2 (33... f5) 34. fxe5 {[%emt 0:00:00] White is clearly winning.} ({Weaker is} 34. Nxf6+ Ke7 35. fxe5 Qb3 $11) 34... fxe5 35. Qg5 {[%emt 0:00:00][%cal Of1b5] aiming for Bb5+!} h6 36. Qxe5 {[%emt 0:00:00] Weighted Error Value: White=0.35/Black=0.72} 1-0

[Event "Israel National League 2024"]
[Site "Israel"]
[Date "2024.01.12"]
[Round "2.35"]
[White "Alekseev, Evgeny"]
[Black "Rozentalis, Eduardas"]
[Result "1-0"]
[ECO "E32"]
[WhiteElo "2563"]
[BlackElo "2455"]
[Annotator "TA"]
[PlyCount "59"]
[EventDate "2024.01.07"]
[EventType "team-tourn"]
[EventCountry "ISR"]
[SourceTitle "playchess.com"]
[Source "ChessBase"]
[SourceQuality "1"]
[TimeControl "40/5400+30:1800+30"]

1. Nf3 Nf6 2. c4 e6 3. Nc3 Bb4 4. Qc2 d6 5. d4 O-O 6. a3 Bxc3+ 7. Qxc3 Re8 {[%emt 0:01:44] E32: Nimzo-Indian: Classical (4 Qc2): 4...0-0.} 8. Bg5 Qe7 9. e3 e5 {[%emt 0:02:28] The position is equal.} 10. dxe5 dxe5 11. Nd2 {[%emt 0:02:19][%cal Bf3d2,Bd2e4,Be4g3][%mdl 32] [#]} Bf5 $146 ({Predecessor:} 11... a5 12. b3 h6 13. Bh4 Bf5 14. Bd3 Bxd3 15. Qxd3 e4 16. Qc2 Nbd7 17. O-O Qe6 {½-½ Teh,E (2263)-Liu,Y (2516) Asian University rapid 2021 (9)}) 12. Be2 h6 13. Bh4 Ne4 {[%emt 0:03:28][%mdl 64] [#] Discovered Attack} 14. Nxe4 ({But not} 14. Bxe7 Nxc3 15. bxc3 Rxe7 $15) 14... Qxh4 15. Ng3 Bh7 16. Rd1 Nc6 17. O-O Rad8 18. Rd5 Rd6 19. Rxd6 cxd6 20. Rd1 Qe7 21. Bd3 e4 22. Bc2 Rd8 23. Rd5 b6 24. h3 $40 {[%emt 0:00:50][%mdl 128] White wants a kill.} Rc8 25. Qd2 {[%emt 0:03:03] White is much more active.} Rd8 26. b4 Kf8 (26... Bg6 $16) 27. Qc3 Rc8 28. Bb3 Ne5 29. Qd4 f5 $2 {[%emt 0:00:37][%mdl 8192] [#]} (29... Nc6 $16 {is a better chance.} 30. Qd2 Rd8) 30. Rxd6 {[%emt 0:01:04] Weighted Error Value: White=0.05 (flawless) /Black=0.43} 1-0

[Event "Israel National League 2024"]
[Site "Israel"]
[Date "2024.01.12"]
[Round "2.36"]
[White "Mindlin, Alon"]
[Black "Caspi, Israel"]
[Result "1/2-1/2"]
[ECO "E56"]
[WhiteElo "2438"]
[BlackElo "2468"]
[Annotator "TA"]
[PlyCount "59"]
[EventDate "2024.01.07"]
[EventType "team-tourn"]
[EventCountry "ISR"]
[SourceTitle "playchess.com"]
[Source "ChessBase"]
[SourceQuality "1"]
[TimeControl "40/5400+30:1800+30"]

1. d4 Nf6 2. c4 e6 3. Nc3 Bb4 4. e3 O-O 5. Bd3 d5 6. Nf3 c5 7. O-O dxc4 8. Bxc4 Nc6 9. a3 Ba5 10. Ne2 cxd4 11. exd4 Bc7 {[%emt 0:11:38] E56: Nimzo-Indian: Rubinstein: Main Line: 7...Nc6.} 12. Ng3 h6 13. Re1 {[%emt 0:07:54] [#]} b6 $146 ({Predecessor:} 13... Bb6 14. Be3 Ng4 15. Ba2 Nxe3 16. fxe3 Bc7 17. Ne4 b6 18. d5 exd5 19. Bxd5 Bb7 {1-0 Korobov,A (2565)-Kristjansson,S (2410) Pardubice Skanska op 2004 (6)}) 14. Qd3 Bb7 15. Bd2 Ne7 16. Rad1 Bd5 17. Ba6 Ng6 18. Ne5 Bxe5 19. dxe5 Nd7 20. Qf1 Nc5 {[%emt 0:03:28] [#] White must now prevent ...Nxa6.} ({Don't play} 20... Ngxe5 21. Bb4 $14) 21. Bc4 Bxc4 $1 22. Qxc4 Qd3 23. Qg4 Qc2 {[%emt 0:00:37] aiming for ...Nd3.} 24. Bc3 $1 Rad8 {[%emt 0:04:03] Inhibits Rd2.} (24... Nd3 $2 25. Rd2 Nxe1 26. Rxc2 Nxc2 27. Qa4 $18 (27. Qd1 Nxa3 28. bxa3 Rfd8 $18)) 25. h3 Nd3 $2 (25... Rd3 $15 {keeps the upper hand.}) 26. Rd2 $16 Qb3 {[%emt 0:00:44] [#]} 27. Qd1 Qd5 (27... Qxd1 $16 28. Rexd1 Ngf4) 28. Re4 {[%emt 0:01:16] Hoping for Rd4.} Qb5 29. Ne2 $2 ({White should try} 29. Re3 $18) 29... Nc5 $11 {[%emt 0:00:00] Threatens to win with ...Rxd2. Excellent horsemanship.} 30. Rg4 {[%emt 0:00:58] Weighted Error Value: White=0.26 (precise) /Black=0.23 (precise)} 1/2-1/2

[Event "Israel National League 2024"]
[Site "Israel"]
[Date "2024.01.19"]
[Round "3.1"]
[White "Kochavi, Ori"]
[Black "Tarlev, Konstantin"]
[Result "1-0"]
[ECO "B90"]
[WhiteElo "2428"]
[BlackElo "2588"]
[Annotator "TA"]
[PlyCount "74"]
[EventDate "2024.01.07"]
[EventType "team-tourn"]
[EventCountry "ISR"]
[SourceTitle "playchess.com"]
[Source "ChessBase"]
[SourceQuality "1"]
[TimeControl "40/5400+30:1800+30"]

1. e4 c5 2. Nf3 d6 3. d4 cxd4 4. Nxd4 Nf6 5. Nc3 a6 6. h3 e5 7. Nf3 {[%emt 0:00:04][%cal Bd4f3,Bf3h2,Bh2g4][%mdl 32] B90: Sicilian Najdorf: Unusual White 6th moves, 6 Be3 Ng4 and 6 Be3 e5.} Be7 8. Nh2 Be6 9. Ng4 {[%emt 0:01:46] The position is equal.} Nbd7 10. Ne3 {[%emt 0:01:33] [#]} Rc8 $146 ({Predecessor:} 10... Nb6 11. a4 d5 12. exd5 Nbxd5 13. Ncxd5 Nxd5 14. Nxd5 Qxd5 15. Qxd5 Bxd5 16. Be3 O-O {1-0 Indjic,A (2613)-Erdogmus,Y (2475) Titled Tuesday intern op 27th Jun Early blitz 2023 (9)}) 11. Bd3 Nc5 12. O-O O-O 13. Qf3 b5 14. a3 Nxd3 15. cxd3 Nd7 16. Nf5 Nc5 17. Be3 Bg5 (17... Nxd3 $2 18. Bb6 Qd7 19. Qxd3 $18) 18. Rad1 Bxe3 19. fxe3 Na4 20. Nxa4 bxa4 21. d4 {[%emt 0:00:05] [#] dxe5 is the strong threat.} Bb3 (21... g6 $11 22. d5 Bxf5 23. exf5 Rc2) 22. dxe5 $16 {[%emt 0:18:17] Black is now going downhill.} Bxd1 23. Rxd1 $40 {[%emt 0:00:01][%mdl 128] Black must now prevent Qg3. Black is in trouble.} Kh8 (23... Rc5 $16) 24. Qg4 $18 (24. exd6 $6 Qd7 $16) (24. Rxd6 Qa5 $11) (24. Nxd6 Rc7 $14) 24... g6 25. Nxd6 {[%emt 0:00:03][%mdl 64] Discovered Attack} Rc7 {[%emt 0:02:51] [#]} (25... Qc7 {is a better defense.}) 26. Nxf7+ $1 {[%emt 0:00:30][%mdl 576] Discovered Attack} Rcxf7 27. Rxd8 Rxd8 {[%emt 0:00:02][%mdl 4096] Endgame KQ-KRR} 28. Qe6 {[%emt 0:00:38][%csl LRa6,LRf7] Inhibits Re8.} Kg7 29. Qxa6 Rd2 30. e6 (30. Qxa4 Rff2 31. Kh1 (31. Qa7+ Kh6 $11) 31... Rxg2 $11) 30... Rff2 31. Qb7+ (31. Qxa4 Rxg2+ 32. Kf1 Rdf2+ 33. Ke1 Rxb2 34. Qd7+ Kh6 $11) 31... Kf8 $2 (31... Kh6 32. Kh1 Rxg2) 32. Qb4+ ({Weaker is} 32. Qxh7 Rxg2+ 33. Kh1 (33. Kf1 Rgf2+ 34. Kg1 Rg2+ 35. Kh1 Rh2+ 36. Kg1 Rhg2+ $11) 33... Rh2+ 34. Kg1 Rhg2+ 35. Kh1 (35. Kf1 Rgf2+ 36. Kg1 Rg2+ $11) 35... Rh2+ 36. Kg1 Rhg2+ $11) 32... Kg8 33. Qb8+ ({And not} 33. Qxa4 Rxg2+ 34. Kf1 Rgf2+ 35. Kg1 Rg2+ 36. Kh1 Rh2+ 37. Kg1 Rhg2+ $11) 33... Kg7 34. Qe5+ Kf8 35. Qh8+ Ke7 36. Qxh7+ Kd6 37. Qd7+ Ke5 {[%emt 0:00:10] A cool game by Kochavi.   Weighted Error Value: White=0.17 (very precise) /Black=0.64} 1-0

[Event "Israel National League 2024"]
[Site "Israel"]
[Date "2024.01.19"]
[Round "3.2"]
[White "Tzidkiya, Yeshaayahu"]
[Black "Ben Ari, Yannay"]
[Result "1/2-1/2"]
[ECO "B31"]
[WhiteElo "2448"]
[BlackElo "2417"]
[Annotator "RC"]
[PlyCount "59"]
[EventDate "2024.01.07"]
[EventType "team-tourn"]
[EventCountry "ISR"]
[SourceTitle "playchess.com"]
[Source "ChessBase"]
[SourceQuality "1"]
[TimeControl "40/5400+30:1800+30"]

1. e4 c5 2. Nf3 Nc6 3. Bb5 g6 4. O-O Bg7 5. c3 e5 6. d4 cxd4 7. cxd4 exd4 8. Bf4 a6 9. Bc4 d6 10. Nbd2 Nf6 11. Qb3 O-O 12. Qa3 Ne8 13. Bd5 Ne7 14. Nc4 Nc7 15. Bg5 h6 16. Bxe7 Qxe7 17. Nb6 Rb8 18. Rfe1 Bg4 19. Nd2 d3 20. Bc4 Bd4 21. e5 Bxb6 22. exd6 Qh4 23. dxc7 Bxf2+ 24. Kh1 Bxe1 25. cxb8=Q Rxb8 26. Qd6 Rd8 27. Qxg6+ Kh8 28. Qxf7 Bxd2 29. Bxd3 Rxd3 30. Qf8+ 1/2-1/2